 Dungeon Crawl Stone Soup version 0.28-a0-863-g8cecda6153 (webtiles) character file.

Game seed: 7625221662844412752

84 ders the Digger (level 4, 0/24 HPs)
             Began as a Gargoyle Earth Elementalist on Nov 16, 2021.
             Shot with a stone by a goblin (2 damage)
             ... on level 3 of the Dungeon.
             The game lasted 00:01:49 (2218 turns).

ders the Digger (Gargoyle Earth Elementalist)       Turns: 2218, Time: 00:01:50

Health: 0/24       AC:  5    Str: 12    XL:     4   Next: 46%
Magic:  4/8        EV: 11    Int: 16    God:
Gold:   29         SH:  0    Dex: 10    Spells: 5/9 levels left

rFire   . . .      SeeInvis .   (no weapon)
rCold   . . .      Faith    .   (no shield)
rNeg    + + .      Spirit   .   e - +0 robe {rN+}
rPois   ∞          Reflect  .   (no helmet)
rElec   +          Harm     .   (no cloak)
rCorr   .          Rampage  .   (no gloves)
Will    .....                   (no boots)
Stlth   ++........              (no amulet)
HPRegen 0.08/turn               (no ring)
MPRegen 0.11/turn               (no ring)

@: no status effects
A: sickness immunity, AC +3, negative energy resistance 1, electricity
resistance, torment resistance 1, petrification resistance
a: no special abilities


You were on level 3 of the Dungeon.
You visited 1 branch of the dungeon, and saw 3 of its levels.

You collected 29 gold pieces.

Inventory:

Missiles
 c - 32 stones
Armour
 b - a +0 robe
 e - a +0 robe of positive energy (worn)
Jewellery
 j - a ring of protection from fire
Scrolls
 d - a scroll of amnesia {unknown}
 h - a scroll of immolation {unknown}
Potions
 a - a potion of brilliance {unknown}
 f - a potion of might {unknown}
 g - a potion of mutation {unknown}
 i - a potion of cancellation {unknown}
 k - 2 potions of ambrosia {unknown}


   Skills:
 - Level 1.5 Dodging
 - Level 2.1 Stealth
 + Level 3.0 Spellcasting
 * Level 2.0 Conjurations
 - Level 0.7 Transmutations
 + Level 4.7 Earth Magic


You had 5 spell levels left.
You knew the following spells:

 Your Spells              Type           Power      Damage    Failure   Level
a - Sandblast             Erth           34%        2d9       2%          1
b - Stone Arrow           Conj/Erth      26%        3d8       14%         3

Your spell library contained the following spells:

 Spells                   Type           Power      Damage    Failure   Level
 Passwall                 Tmut/Erth      9%         N/A       10%         2
 Petrify                  Tmut/Erth      11%        N/A       52%         4


Dungeon Overview and Level Annotations

Branches:
Dungeon (3/15)

Altars:

Shops:
D:2 =


Innate Abilities, Weirdness & Mutations

You are immune to sickness and miasma.
Your stone body is resilient. (AC +3)
You are immune to poison.
You resist negative energy. (rN+)
You are resistant to electric shocks. (rElec)
You are resistant to unholy torment.
You are immune to petrification.


Message History

Aiming: Sandblast (safe; 2% risk of failure)
Press: ? - help, Shift-Dir - straight line, f/p - gnoll
Aim: a gnoll, wielding a +0 flail (severely wounded, 82% to hit)
The blast of sand hits the gnoll!
You kill the gnoll!
The gnoll hits you with a +0 flail!
* * * LOW HITPOINT WARNING * * *
The gnoll barely misses you.
Your Conjurations skill increases to level 2!
Unknown command.
The gnoll barely misses you.
Casting: Sandblast (safe; 2% risk of failure)
Confirm with . or Enter, or press ? or * to list all spells.
Aiming: Sandblast (safe; 2% risk of failure)
Press: ? - help, Shift-Dir - straight line, f - gnoll
Aim: a gnoll, wielding a +0 flail (82% to hit)
The blast of sand hits the gnoll.
The gnoll is moderately wounded.
The gnoll hits you with a +0 flail!
* * * LOW HITPOINT WARNING * * *
Unknown command.
Casting: Sandblast (safe; 2% risk of failure)
Confirm with . or Enter, or press ? or * to list all spells.
Aiming: Sandblast (safe; 2% risk of failure)
Press: ? - help, Shift-Dir - straight line, f/p - gnoll
Aim: a gnoll, wielding a +0 flail (moderately wounded, 82% to hit)
The blast of sand hits the gnoll.
The gnoll is severely wounded.
The gnoll barely misses you.
Unknown command.
Okay, then.
A goblin comes into view. It is wielding a +0 dagger.
The goblin unwields a +0 dagger.
The goblin wields a +0 hunting sling.
The goblin shoots a stone.
The stone hits you but does no damage.
The goblin shoots a stone.
The stone barely misses you.
A gnoll comes into view. It is wielding a +0 flail.
The gnoll shouts!
The goblin shoots a stone.
The stone closely misses you.
The goblin shoots a stone.
The stone hits you.
You die...

PP.....##...# ##.#
PPP..#.##.#.########..#
....##.##.#....##.....#
#.##.####.##.###.# .##
#.##.# #..#.# #.#
....##...[# ##.g.# #.#
#.<...##### ##.####.# #
####......###.†..##.##....
#...###...@g.g...........
#.#.####.########.##.....
#.#.#....# #.# ....
##.#.#.#### #.# ...
##..#...# #.# .. #..###..#
#.# # #.....# #.# #<##.##
.# #...##.#


You could see 2 gnolls and a goblin.

Vanquished Creatures
  Natasha (D:3)
  2 adders
  A gnoll (D:3)
  A dart slug (D:1)
  4 ball pythons (D:1)
  2 endoplasms (D:1)
  4 giant cockroaches
  2 goblins (D:1)
  3 jackals (D:2)
  4 bats (D:1)
  4 frilled lizards
  5 rats
33 creatures vanquished.

Vanquished Creatures (others)
  6 plants (D:3)
6 creatures vanquished.

Grand Total: 39 creatures vanquished

Notes
Turn   | Place    | Note
-------+----------+-------------------------------------------
     0 | D:1      | ders the Gargoyle Earth Elementalist began the quest for
                  | the Orb.
     0 | D:1      | Reached XP level 1. HP: 10/10 MP: 3/3
    96 | D:1      | Reached XP level 2. HP: 15/15 MP: 1/5
   147 | D:1      | Reached skill level 4 in Earth Magic
   810 | D:1      | Reached XP level 3. HP: 19/19 MP: 2/6
   814 | D:1      | Learned a level 3 spell: Stone Arrow
  1741 | D:2      | Reached skill level 1 in Conjurations
  1798 | D:2      | Found Tophuhic's Jewellery Boutique.
  1864 | D:2      | Found a faded altar of an unknown god.
  2175 | D:3      | Noticed Natasha
  2181 | D:3      | Killed Natasha
  2182 | D:3      | Reached XP level 4. HP: 14/24 MP: 3/8
  2203 | D:3      | HP: 1/24 [gnoll (7)]
  2218 | D:3      | Shot with a stone by a goblin

Illustrated notes

Levels and vault maps discovered:
D:1:      denvon_arrival_waterhouse, layout_loops_ring, serial_rivers,
          chequers_serial_rivers_micro_a, chequers_serial_rivers_room_a,
          chequers_serial_rivers_micro_c, chequers_serial_rivers_room_a
D:2:      layout_loops_corners, serial_shops, shop_statue,
          shapermc_ecumenical_altar_mp_vishouse, kennysheep_decorative_pillar
D:3:      layout_rooms, nicolae_overflow_squiral, nicolae_grassy_gnolls,
          uniq_natasha

Skill      XL: |  1  2  3  4 |
---------------+-------------+-----
Earth Magic    | 4 |  4.7
Conjurations   | 1 2 |  2.0
Spellcasting   | 3 |  3.0
Dodging        | |  1.5
Stealth        | |  2.1
Transmutations | |  0.7

Action                   |  1- 3 |  4- 6 || total
-------------------------+-------+-------++-------
 Cast: Sandblast         |    47 |     4 ||    51
Armor: Robe              |     7 |     2 ||     9
Dodge: Dodged            |    10 |     7 ||    17

Table legend: (Time is in decaauts)
 A = Elapsed time spent in this place.
 B = Non-inter-level travel time spent in this place.
 C = Inter-level travel time spent in this place.
 D = Time resting spent in this place.
 E = Time spent auto-exploring this place.
 F = Levels seen in this place.
 G = Mean time per level.
                   A        B        C        D        E       F      G
               +--------+--------+--------+--------+--------+-----+--------+
         Total |   2230 |   2153 |     77 |    371 |   1567 |   3 |  743.3 |
       Dungeon |   2230 |   2153 |     77 |    371 |   1567 |   3 |  743.3 |
               +--------+--------+--------+--------+--------+-----+--------+

Top non-repeatable levels by time:
     D:1: 1114 daAuts
     D:2: 951 daAuts
     D:3: 163 daAuts
